 Dungeon Crawl Stone Soup version 0.28-a0-1493-g08698888e4 (webtiles) character file.

Game seed: 12649887324772176216

1618 testman the Dealer of Despair (level 8, -11/46 HPs)
             Began as a Gargoyle Monk on Jan 12, 2022.
             Was an Elder of Kikubaaqudgha.
             Shot with a bolt by an orc warrior (14 damage)
             ... in a bailey.
             The game lasted 00:35:35 (5164 turns).

testman the Dealer of Despair (Gargoyle Monk)       Turns: 5164, Time: 00:35:36

Health: -11/46     AC: 11    Str: 16    XL:     8   Next: 96%
Magic:  12/15      EV: 12    Int: 12    God:    Kikubaaqudgha [****..]
Gold:   192        SH:  0    Dex: 10    Spells: 8/17 levels left

rFire   . . .      SeeInvis .   x - +2 dagger "Atrevvi" {vorpal, Fly rElec rN++ Dex-2}
rCold   + . .      Faith    .   (no shield)
rNeg    + + +      Spirit   .   B - +1 robe {rC+}
rPois   ∞          Reflect  .   (no helmet)
rElec   +          Harm     .   l - +0 cloak
rCorr   .          Rampage  .   (no gloves)
Will    .....                   z - +1 pair of boots
Stlth   ++........              f - amulet of regeneration
HPRegen 0.95/turn               u - ring of positive energy
MPRegen 0.14/turn               (no ring)

@: brilliant, flying
A: sickness immunity, AC +5, negative energy resistance 1, electricity
resistance, torment resistance 1, petrification resistance
a: Renounce Religion, Receive Corpses


You were in a bailey.
You worshipped Kikubaaqudgha.
Kikubaaqudgha was greatly pleased with you.
You visited 1 branch of the dungeon, and saw 7 of its levels.
You also visited: Bailey.

You collected 299 gold pieces.
You spent 107 gold pieces at shops.

Inventory:

Hand Weapons
 i - a +1 morningstar
 x - the +2 dagger "Atrevvi" (weapon) {vorpal, Fly rElec rN++ Dex-2}
   (You found it on level 6 of the Dungeon)

   It inflicts extra damage upon your enemies.
   Dex:       It affects your dexterity (-2).
   rElec:     It insulates you from electricity.
   rN:        It greatly protects you from negative energy.
   Fly:       It grants you flight.
 A - a +0 hunting sling
Missiles
 a - 5 boomerangs (quivered)
 h - 54 stones
 w - 5 javelins
Armour
 l - a +0 cloak (worn)
 z - a +1 pair of boots (worn)
 B - a +1 robe of cold resistance (worn)
Jewellery
 f - an amulet of regeneration (around neck)
 p - a ring of ice
 u - a ring of positive energy (left hand)
Wands
 b - a wand of iceblast (8)
 t - a wand of charming (3)
Scrolls
 d - a scroll of enchant weapon
 e - a scroll of enchant armour
 m - a scroll of blinking
 y - a scroll of fear {unknown}
Potions
 c - 3 potions of curing
 g - a potion of magic
 j - 2 potions of mutation
 n - a potion of haste {unknown}
 o - a potion of flight
 r - a potion of brilliance
 v - a potion of lignification {unknown}


   Skills:
 - Level 3.5 Fighting
 - Level 3.2 Maces & Flails
 - Level 2.4 Dodging
 - Level 2.1 Stealth
 + Level 5.2 Spellcasting
 + Level 7.5 Necromancy


You had 8 spell levels left.
You knew the following spells:

 Your Spells              Type           Power      Damage    Failure   Level
a - Pain                  Necr           100%       1d9       1%          1
b - Vampiric Draining     Necr           31%        2d8       2%          3
c - Animate Skeleton      Necr           62%        N/A       1%          1
d - Dispel Undead         Necr           31%        3d14      9%          4

Your spell library contained the following spells:

 Spells                   Type           Power      Damage    Failure   Level
 Animate Dead             Necr           15%        N/A       9%          4
 Agony                    Necr           31%        N/A       24%         5
 Anguish                  Hex/Necr       9%         N/A       38%         4
 Dazzling Flash           Conj/Hex       8%         N/A       52%         3
 Borgnjor's Vile Clutch   Necr/Erth      9%         N/A       75%         5
 Death Channel            Necr           15%        N/A       80%         6
 Summon Lightning Spire   Summ/Air       4%         N/A       89%         4
 Silence                  Hex/Air        2%         N/A       99%         5
 Storm Form               Tmut/Air       2%         N/A       100%        7
 Maxwell's Capacitive Co  Air            2%         ∞         100%        8


Dungeon Overview and Level Annotations

Branches:
Dungeon (7/15)             Temple (0/1) D:5          Bailey (1/1)

Altars:
Cheibriados
Fedhas
Kikubaaqudgha
Sif Muna
Vehumet
Yredelemnul
Zin

Shops:
D:1 *   D:6 [

Annotations:
D:5 Grinder


Innate Abilities, Weirdness & Mutations

You are immune to sickness and miasma.
Your stone body is resilient. (AC +5)
You are immune to poison.
You resist negative energy. (rN+)
You are resistant to electric shocks. (rElec)
You are resistant to unholy torment.
You are immune to petrification.


Message History

An orc comes into view. It is wielding a +0 arbalest.
The orc shoots a bolt.
The bolt closely misses you.
The orc warrior shoots a bolt.
The bolt misses you.
The orc warrior shoots a bolt.
The bolt misses you.
The orc shoots a bolt.
The bolt closely misses you.
The orc warrior shoots a bolt.
The bolt hits you!
The orc warrior shoots a bolt.
The bolt misses you.
The orc shoots a bolt.
The bolt misses you.
The orc warrior shoots a bolt.
The bolt barely misses you.
The orc warrior unwields a +0 arbalest.
The orc warrior hits you.
The orc shoots a bolt.
The bolt hits you but does no damage.
The orc shoots a bolt.
The bolt closely misses you.
The orc warrior shoots a bolt.
The bolt hits you!!
* * * LOW HITPOINT WARNING * * *
You are too injured to fight recklessly!
Casting: Dispel Undead (quite dangerous; 9% risk of failure)
Confirm with . or Enter, or press ? or * to list all spells.
Aiming: Vampiric Draining (dangerous; 2% risk of failure)
Press: ? - help, Shift-Dir - straight line, f - orc warrior
Aim: an orc warrior, wearing a +0 scale mail and quivering bolts You draw life force from the orc warrior.
You feel life coursing into your body.
The orc shoots a bolt.
The bolt hits you.
* * * LOW HITPOINT WARNING * * *
The orc warrior hits you.
* * * LOW HITPOINT WARNING * * *
The orc shoots a bolt.
The bolt hits you but does no damage.
The orc warrior shoots a bolt.
The bolt hits you.
* * * LOW HITPOINT WARNING * * *
Casting: Vampiric Draining (dangerous; 2% risk of failure)
Confirm with . or Enter, or press ? or * to list all spells.
Okay, then.
Blink to where?
Press: ? - help, Dir - move target, p - orc warrior
Okay, then.
Unknown command.
It was a potion of brilliance.
You feel clever all of a sudden. The orc warrior misses you.
The orc shoots a bolt.
The bolt closely misses you.
The orc warrior shoots a bolt.
The bolt hits you!
You die...
Kikubaaqudgha rasps: "You have failed me!
Welcome... oblivion!"

#............
#...........
#..........
#......o...
#.....o≈≈.
#.....≈≈# ##
#...oo≈##.∩#≈...
#.....@#........
#.....≈##.##≈...
#.....≈≈###≈≈...
#......≈≈≈≈≈....
#...............
#...............
#.∩.............
#∩..............
################


You could see 2 orc warriors and 2 orcs.

Vanquished Creatures
  A sky beast (D:4)
  A necrophage (D:6)
  3 ogres
  2 phantoms
  The ghost of wanderlust the Shooter, an amateur DEAM (D:6)
  2 scorpions
  2 water moccasin skeletons
  2 bullfrog skeletons
  2 gnoll shamans (D:5)
  An orc priest (D:4)
  4 hounds
  4 iguanas
  3 orc wizards
  8 gnolls
  3 adders
  A white imp (D:6)
  An ufetubus (D:5)
  An adder skeleton (D:4)
  2 dart slugs
  15 orcs
  5 ball pythons
  10 endoplasms
  6 giant cockroaches
  8 goblins
  2 hobgoblins
  4 jackals (D:2)
  5 kobolds
  5 quokkas
  2 bats (D:3)
  2 frilled lizards
  5 rats
113 creatures vanquished.

Vanquished Creatures (collateral kills)
  An ice beast (D:4)
  An ufetubus (D:6)
2 creatures vanquished.

Grand Total: 115 creatures vanquished

Notes
Turn   | Place    | Note
-------+----------+-------------------------------------------
     0 | D:1      | testman the Gargoyle Monk began the quest for the Orb.
     0 | D:1      | Reached XP level 1. HP: 14/14 MP: 1/1
     6 | D:1      | Found Foth's Assorted Antiques.
    95 | D:1      | Found a faded altar of an unknown god.
   126 | D:1      | Prayed at the altar of an unknown god.
   126 | D:1      | Became a worshipper of Kikubaaqudgha
   126 | D:1      | Reached * piety under Kikubaaqudgha
   126 | D:1      | Received a gift from Kikubaaqudgha
   126 | D:1      | Reached ** piety under Kikubaaqudgha
   165 | D:1      | Reached XP level 2. HP: 18/19 MP: 2/2
   171 | D:1      | Learned a level 1 spell: Pain
   465 | D:1      | Reached *** piety under Kikubaaqudgha
   465 | D:1      | Received a gift from Kikubaaqudgha
   496 | D:1      | Reached skill level 1 in Spellcasting
   638 | D:2      | Reached skill level 1 in Necromancy
   638 | D:2      | Reached XP level 3. HP: 22/23 MP: 2/4
   787 | D:2      | Found a glowing silver altar of Zin.
  1414 | D:3      | Reached XP level 4. HP: 28/28 MP: 6/6
  1673 | D:3      | Found a radiant altar of Vehumet.
  1677 | D:3      | Reached skill level 2 in Necromancy
  1929 | D:3      | Found a snail-covered altar of Cheibriados.
  1932 | D:3      | Found a blossoming altar of Fedhas.
  1937 | D:3      | Found a shimmering blue altar of Sif Muna.
  1993 | D:4      | Noticed a phantom
  2060 | D:4      | Reached skill level 3 in Necromancy
  2060 | D:4      | Reached XP level 5. HP: 23/32 MP: 8/8
  2065 | D:4      | Learned a level 3 spell: Vampiric Draining
  2067 | D:4      | Learned a level 1 spell: Animate Skeleton
  2143 | D:4      | Reached **** piety under Kikubaaqudgha
  2175 | D:4      | Reached XP level 6. HP: 37/37 MP: 6/9
  2185 | D:4      | Reached skill level 4 in Necromancy
  2234 | D:4      | Noticed an ice beast
  2574 | D:4      | Reached skill level 5 in Necromancy
  2574 | D:4      | Reached XP level 7. HP: 35/41 MP: 7/10
  2728 | D:4      | Reached skill level 6 in Necromancy
  2750 | D:4      | Found a basalt altar of Yredelemnul.
  2969 | D:5      | Entered Level 5 of the Dungeon
  3303 | D:5      | Reached XP level 8. HP: 31/46 MP: 6/12
  3483 | D:5      | Reached ***** piety under Kikubaaqudgha
  3855 | D:5      | Found a staircase to the Ecumenical Temple.
  3856 | D:5      | Noticed Grinder
  3876 | D:4      | Reached skill level 7 in Necromancy
  4196 | D:6      | Found a runed translucent door.
  4196 | D:6      | Noticed wanderlust's ghost (amateur DEAM)
  4224 | D:6      | Learned a level 4 spell: Dispel Undead
  4395 | D:6      | Identified the +2 dagger "Atrevvi" {vorpal, Fly rElec rN++
                  | Dex-2}
  4628 | D:6      | Reached skill level 5 in Spellcasting
  4895 | D:6      | Found Wiceiv's Antique Armour Boutique.
  4898 | D:6      | Bought a glowing robe for 107 gold pieces
  5015 | D:6      | Killed wanderlust's ghost
  5131 | D:7      | Found a flagged portal.
  5144 | Bailey   | Entered a bailey
  5163 | Bailey   | HP: 2/46 [orc warrior/bolt (2)]
  5164 | Bailey   | Shot with a bolt by an orc warrior

Illustrated notes

Levels and vault maps discovered:
D:1:      noname_arrival_rooms_in_the_neighbourhood, layout_basic,
          nicolae_ecumenical_lake_church, serial_shops, shop,
          kennysheep_another_room, hangedman_abyss_or_decor_lesser_grid
D:2:      layout_basic, basic_altar
D:3:      layout_rooms, grunt_temple_overflow_diamond,
          mainiacjoe_overflow_24_doors
D:4:      layout_basic, mainiacjoe_overflow_alcove_4, minmay_surrounded
D:5:      layout_basic, minmay_temple_entry_statues_fountains, serial_rivers,
          chequers_serial_rivers_micro_e, chequers_serial_rivers_micro_d,
          chequers_serial_rivers_room_b, chequers_serial_rivers_micro_c,
          uniq_grinder
D:6:      layout_basic, serial_shops, kennysheep_mini,
          hellmonk_ghost_happy_afterlife
D:7:      layout_loops_ring, okawaru_altar_gauntlet_db, enter_bailey_6,
          serial_shops, nicolae_shop_bloodbath_and_beyond, gammafunk_ghost_hive,
          uniq_menkaure, uniq_harold
Bailey:   bailey_polearm_2, bailey

Skill      XL: |  1  2  3  4  5  6  7  8 |
---------------+-------------------------+-----
Spellcasting   | 1 2 5 |  5.2
Necromancy     | 1 3 5 6 7 |  7.5
Fighting       | |  3.5
Maces & Flails | |  3.2
Dodging        | |  2.4
Stealth        | |  2.1

Action                   |  1- 3 |  4- 6 |  7- 9 || total
-------------------------+-------+-------+-------++-------
Melee: Mace              |    43 |       |       ||    43
       Morningstar       |    52 |    92 |   189 ||   333
       Punch             |       |     1 |     4 ||     5
       Dagger            |       |       |    42 ||    42
 Cast: Pain              |     7 |    25 |    36 ||    68
       Animate Skeleton  |       |     1 |     7 ||     8
       Vampiric Draining |       |       |    10 ||    10
       Dispel Undead     |       |       |     3 ||     3
  Use: Scroll            |     2 |       |    11 ||    13
       Potion            |     1 |       |     1 ||     2
 Stab: Sleeping          |     3 |     5 |     1 ||     9
Armor: Robe              |    26 |    24 |   134 ||   184
Dodge: Dodged            |    55 |    68 |   185 ||   308

Table legend: (Time is in decaauts)
 A = Elapsed time spent in this place.
 B = Non-inter-level travel time spent in this place.
 C = Inter-level travel time spent in this place.
 D = Time resting spent in this place.
 E = Time spent auto-exploring this place.
 F = Levels seen in this place.
 G = Mean time per level.
                   A        B        C        D        E       F      G
               +--------+--------+--------+--------+--------+-----+--------+
         Total |   5291 |   5151 |    140 |    470 |   3202 |   8 |  661.4 |
       Dungeon |   5271 |   5131 |    140 |    470 |   3200 |   7 |  753.0 |
        Bailey |     19 |     19 |      0 |      0 |      2 |   1 |   19.0 |
               +--------+--------+--------+--------+--------+-----+--------+

Top non-repeatable levels by time:
     D:4: 1097 daAuts
     D:6: 1078 daAuts
     D:5: 963 daAuts
     D:2: 774 daAuts
     D:3: 725 daAuts
     D:1: 581 daAuts
     D:7: 51 daAuts
  Bailey: 19 daAuts
